 Dungeon Crawl Stone Soup version 0.29.1-12-g30fa7ad0bf (webtiles) character file.

Game seed: 3285795963179975630

60 stormannn the Caller (level 3, 0/24 HPs)
             Began as a Mummy Summoner on Dec 30, 2022.
             Killed from afar by Sigmund (18 damage)
             ... with a bolt of dispelling energy
             ... on level 2 of the Dungeon.
             The game lasted 00:10:32 (2213 turns).

stormannn the Caller (Mummy Summoner)               Turns: 2213, Time: 00:10:45

Health: 0/24       AC:  3    Str: 11    XL:     3   Next: 80%
Magic:  3/8        EV: 12    Int: 16    God:
Gold:   124        SH:  0    Dex: 12    Spells: 6/9 levels left

rFire   x . .      SeeInvis .   c - +0 dagger
rCold   + . .      Faith    .   (no shield)
rNeg    + + +      Spirit   .   a - +0 robe
rPois   ∞          Reflect  .   (no helmet)
rElec   .          Harm     .   j - +0 cloak
rCorr   .          Rampage  .   (no gloves)
Will    .....                   (no boots)
Stlth   ++........              (no amulet)
HPRegen 0.08/turn               (no ring)
MPRegen 0.11/turn               (no ring)

@: no status effects
A: cold resistance 1, negative energy resistance 3, torment resistance 2, heat
vulnerability 1, in touch with death 1, no potions
a: no special abilities


You were on level 2 of the Dungeon.
You visited 1 branch of the dungeon, and saw 2 of its levels.

You collected 124 gold pieces.

Inventory:

Hand Weapons
 c - a +0 dagger (weapon)
Armour
 a - a +0 robe (worn)
 j - a +0 cloak (worn)
 k - the +1 ring mail of Negation {+Blink Str+2 Stlth+}
   (You found it on level 2 of the Dungeon)

   Str:       It affects your strength (+2).
   +Blink:    It lets you blink.
   Stlth:     It makes you more stealthy.
Scrolls
 b - a scroll of magic mapping {unknown}
 d - 2 scrolls of blinking {unknown}
 e - a scroll of enchant armour {unknown}
 f - a scroll of enchant weapon {unknown}
 g - a scroll of brand weapon {unknown}
 h - 2 scrolls of silence {unknown}
 i - a scroll of poison {unknown}


   Skills:
 - Level 1.5 Dodging
 - Level 1.5 Stealth
 + Level 3.7 Spellcasting
 * Level 4.1 Summonings


You had 6 spell levels left.
You knew the following spells:

 Your Spells              Type           Power      Damage    Failure   Level
a - Summon Small Mammal   Summ           64%        N/A       3%          1
b - Call Imp              Summ           16%        N/A       4%          2

Your spell library contained the following spells:

 Spells                   Type           Power      Damage    Failure   Level
 Call Canine Familiar     Summ           16%        N/A       10%         3
 Summon Guardian Golem    Hex/Summ       9%         N/A       22%         3
 Dazzling Flash           Conj/Hex       4%         N/A       45%         3
 Summon Lightning Spire   Summ/Air       9%         N/A       58%         4
 Agony                    Necr           4%         N/A       99%         5
 Silence                  Hex/Air        1%         N/A       99%         5


Dungeon Overview and Level Annotations

Branches:
Dungeon (2/15)

Altars:

Annotations:
D:2 Sigmund


Innate Abilities, Weirdness & Mutations

You are immune to poison.
Your flesh is cold resistant. (rC+)
You are immune to negative energy. (rN+++)
You are immune to unholy pain and torment.
You are vulnerable to heat. (rF-)
You are in touch with the powers of death.
You do not drink.


Message History

Anything else - Cancel.
Guard this area!
Something barely misses your white imp. Something barely misses your white imp.
Your white imp closely misses something.
Your white imp hits something but does no damage.
A magic dart appears from out of thin air!
The magic dart hits your white imp.
Your white imp closely misses something.
Something closely misses your white imp.
Your white imp barely misses something.
You hear a zap.
A bolt of dispelling energy appears from out of thin air!
The bolt of dispelling energy hits your white imp!
Your white imp dies!
Your white imp disappears in a puff of smoke!
The bolt of dispelling energy hits your bat!
Your bat dies!
Your bat's corpse disappears in a puff of smoke!
The bolt of dispelling energy hits you.
Unknown command.
Casting: Summon Small Mammal (safe; 3% risk of failure)
Confirm with . or Enter, or press ? or * to list all spells.
A metallic apparition takes form in the air.
Something hits your rat! Something burns your rat.
Your rat dies!
Your rat's corpse disappears in a puff of smoke!
You swap places.
What are your orders? t - Shout!
Orders for allies: a - Attack new target. r - Retreat! s - Stop attacking. g - Guard the area. f - Follow me.
Anything else - Cancel.
Guard this area!
You hear a zap.
A bolt of dispelling energy appears from out of thin air!
The bolt of dispelling energy hits your iron imp!
The bolt of dispelling energy hits you!!
Ouch! That really hurt!
You die...

# #..........#.#
...###.$...######>#
######## #......<..#
#.######.......
###.....#
#........######
#....†# #.########
###.#{# #.# #.#.#
#.######
#.#{######......#
#.#<..5@...####.#
#.#######...###.######
#.# #..............#
#.# #.#...###.#.##.#
#.# #.##.## #.#.##.#
#.# #.##.# #.#.##.###
#.# #.##.# #.#......#
#.#####.##.#
#.#......#
#.......##.#
#.#.......


You could see a friendly iron imp (summoned, wandering).

Vanquished Creatures
  An endoplasm (D:1)
  A giant cockroach (D:1)
  2 hobgoblins (D:1)
  A jackal (D:1)
  A frilled lizard (D:1)
  2 kobolds (D:1)
  A rat (D:1)
9 creatures vanquished.

Vanquished Creatures (collateral kills)
  A gnoll (D:1)
  3 endoplasms (D:1)
  3 goblins (D:1)
  3 hobgoblins
  A jackal (D:1)
  3 quokkas
  3 ball pythons
  A bat (D:1)
  3 kobolds (D:1)
  23 rats
44 creatures vanquished.

Vanquished Creatures (others)
  A plant (D:1)
1 creature vanquished.

Grand Total: 54 creatures vanquished

Notes
Turn   | Place    | Note
-------+----------+-------------------------------------------
     0 | D:1      | stormannn the Mummy Summoner began the quest for the Orb.
     0 | D:1      | Reached XP level 1. HP: 13/13 MP: 4/4
   173 | D:1      | Found a faded altar of an unknown god.
   462 | D:1      | Reached XP level 2. HP: 18/19 MP: 3/6
   788 | D:1      | Gained mutation: You are in touch with the powers of death.
                  | [Mummy growth]
   788 | D:1      | Reached XP level 3. HP: 24/24 MP: 5/7
   867 | D:1      | Learned a level 2 spell: Call Imp
  1114 | D:1      | Reached skill level 4 in Summonings
  1894 | D:2      | Identified the +1 ring mail of Negation {+Blink Str+2
                  | Stlth+}
  2020 | D:2      | Noticed Sigmund
  2213 | D:2      | Killed from afar by Sigmund

Illustrated notes

Levels and vault maps discovered:
D:1:      dpeg_arrival_round_c, layout_loops_corners,
          shapermc_ecumenical_altar_notcrosses, serial_bayou_pond_b,
          serial_park_tiny_2, minmay_box_of_dots
D:2:      layout_loops_ring, minmay_rat_hole, uniq_sigmund

Skill      XL: |  1  2  3 |
---------------+----------+-----
Spellcasting   | 3 |  3.7
Summonings     | 4 |  4.1
Dodging        | |  1.5
Stealth        | |  1.5

Action                   || total
-------------------------++-------
Melee: Dagger            ||    25
 Cast: Summon Small Mamm ||    59
       Call Imp          ||    13
 Stab: Sleeping          ||     2
       Distracted        ||     1
Armor: Robe              ||     8
Dodge: Dodged            ||    21
